 Dungeon Crawl Stone Soup version 0.30.1-11-g7821555f0a (webtiles) character file.

Game seed: 1944994497986505666

77 Martska the Trooper (level 4, 0/55 HPs)
             Began as a Demonspawn Fighter on Dec 13, 2023.
             Succumbed to an orc wizard's poison
             ... on level 3 of the Dungeon.
             The game lasted 00:01:59 (1379 turns).

Martska the Trooper (Demonspawn Fighter)            Turns: 1379, Time: 00:02:00

Health: 0/55       AC: 22    Str: 16 (18) XL:     4   Next: 13%
Magic:  4/4        EV:  2    Int:  7 (10) God:
Gold:   125        SH:  0    Dex: 11 (12) Spells: 3/3 levels left

rFire   . . .        a - +0 war axe
rCold   . . .        c - +0 buckler
rNeg    . . .        b - melded +0 scale mail
rPois   +            (helmet currently unavailable)
rElec   .            o - melded +0 cloak
rCorr   .            (gloves currently unavailable)
SInv    .            (boots currently unavailable)
Will    .....        (no amulet)
Stlth   +            (no ring)
HPRegen 0.29/turn    (no ring)
MPRegen 0.09/turn

%: random rage (3%)
@: confused, lethally poisoned (0 -> -10), tree-form
A: stationary, stasis, torment immunity, boosted hp, (hooves 2), ignite blood 1,
berserk 1, (deformed body), (heat vulnerability 1)
a: no special abilities


You were on level 3 of the Dungeon.
You were a tree.
You visited 1 branch of the dungeon, and saw 3 of its levels.

You collected 125 gold pieces.

Inventory:

Hand Weapons
 a - a +0 war axe (weapon)
Armour
 b - a +0 scale mail (melded)
 c - a +0 buckler (worn)
 j - a +0 hat
 o - a +0 cloak (melded)
Jewellery
 q - a +4 ring of slaying
Scrolls
 e - a scroll of immolation {unknown}
 h - a scroll of fog {unknown}
 k - a scroll of teleportation {unknown}
 l - a scroll of noise {unknown}
 m - 3 scrolls of identify {unknown}
 n - a scroll of enchant weapon {unknown}
Potions
 d - a potion of might
 f - 2 potions of mutation
 i - a potion of lignification


   Skills:
 * Level 3.7 Fighting
 - Level 1.7 Axes
 + Level 3.1 Armour
 * Level 1.8 Dodging
 + Level 3.0 Shields


You had 3 spell levels left.
You didn't know any spells.
Your spell library contained the following spells:

 Spells                   Type           Power      Damage    Failure   Level
 Sting                    Tmut/Pois      0%         1d3       52%         1
 Poisonous Vapours        Pois/Air       0%         N/A       65%         2
 Olgreb's Toxic Radiance  Pois           0%         N/A       99%         4


Dungeon Overview and Level Annotations

Branches:
Dungeon (3/15)

Altars:
Cheibriados


Innate Abilities, Weirdness & Mutations

You are a tree.
Your roots penetrate the ground, keeping you stationary.
You cannot be teleported.
You are immune to unholy pain and torment.
Your maximum health is greatly increased.
Your equipment is partially melded.
((You have hoof-like feet.))
Your demonic aura sometimes causes spilled blood to erupt in flames.
You sometimes lose your temper in combat.
((Armour fits poorly on your strangely shaped body.))
((You are vulnerable to heat. (rF-)))


Message History

You are poisoned.
You bump into the rock wall.
You feel very sick. The orc hits you but does no damage.
The orc wizard hits you with a +2 dagger of venom.
You are more poisoned.
You closely miss the orc. Your kick misses the orc.
You barely miss the orc wizard.
You feel extremely sick. The orc barely misses you.
The orc wizard hits you with a +2 dagger of venom.
The orc wizard hits you but does no damage.
You are more poisoned.
The orc barely misses you.
It was a potion of mutation.
You feel extremely strange.
You feel vulnerable to heat.
You feel a little pissed off.
Your body twists and deforms.
* * * LOW HITPOINT WARNING * * *
You feel very sick. The orc barely misses you.
The orc wizard hits you with a +2 dagger of venom.
* * * LOW HITPOINT WARNING * * *
It was a potion of degeneration.
There was something very wrong with that liquid.
You feel weakened.
You feel dopey.
You feel clumsy.
* * * LOW HITPOINT WARNING * * *
You feel very sick. The orc barely misses you.
The orc wizard points at you and mumbles some strange words.
You resist with some effort.
It was a potion of lignification.
You turn into a tree.
Your +0 cloak melds into your body.
Your +0 scale mail melds into your body.
Your roots penetrate the ground.
* * * LOW HITPOINT WARNING * * *
You feel very sick. The orc hits you but does no damage.
The orc wizard hits you but does no damage.
It was a potion of flight.
Your roots keep you in place.
You die...

........# #....
...<....# #####
#.......# #
........# #
#.......#########
#...............#
#............>..#
#.......)oo.....#
#######..♣......#
###########


You could see an orc wizard and an orc.

Vanquished Creatures
  3 gnolls (D:2)
  A worm (D:2)
  A dart slug (D:1)
  An orc (D:3)
  3 endoplasms (D:3)
  A giant cockroach (D:2)
  2 hobgoblins
  3 quokkas
  6 ball pythons
  6 bats
  3 frilled lizards
  4 goblins (D:1)
  6 kobolds
  3 rats
43 creatures vanquished.

Notes
Turn   | Place    | Note
-------+----------+-------------------------------------------
     0 | D:1      | Martska the Demonspawn Fighter began the quest for the Orb.
     0 | D:1      | Reached XP level 1. HP: 18/18 MP: 1/1
   189 | D:1      | Found a faded altar of an unknown god.
   214 | D:1      | Discovered your monstrous ancestry.
   214 | D:1      | Gained mutation: You have large cloven feet. [demonic
                  | ancestry]
   214 | D:1      | Reached XP level 2. HP: 24/24 MP: 2/2
   227 | D:1      | Reached skill level 1 in Dodging
   832 | D:2      | Gained mutation: Your demonic aura sometimes causes spilled
                  | blood to erupt in flames. [demonic ancestry]
   832 | D:2      | Reached XP level 3. HP: 29/29 MP: 3/3
  1107 | D:2      | You fall into a shaft and drop 1 floor!
  1113 | D:3      | Gained mutation: You have hoof-like feet. [demonic
                  | ancestry]
  1113 | D:3      | Reached XP level 4. HP: 37/37 MP: 4/4
  1217 | D:3      | Found a snail-covered altar of Cheibriados.
  1376 | D:3      | Gained mutation: You are vulnerable to heat. (rF-) [potion
                  | of mutation]
  1376 | D:3      | Gained mutation: You sometimes lose your temper in combat.
                  | [potion of mutation]
  1376 | D:3      | Gained mutation: Armour fits poorly on your strangely
                  | shaped body. [potion of mutation]
  1378 | D:3      | HP: 1/55 [poisoned by an orc wizard]
  1379 | D:3      | Succumbed to an orc wizard's poison

Illustrated notes

Levels and vault maps discovered:
D:1:      giann_forest_graveyard, layout_loops_ring,
          shapermc_ecumenical_altar_notcrosses
D:2:      layout_basic
D:3:      layout_basic, mainiacjoe_overflow_small_starburst, serial_shops,
          nicolae_shop_advertising_works [nicolae_subvault_shop_adworks]

Skill      XL: |  1  2  3 |
---------------+----------+-----
Dodging        | 1 |  1.8
Armour         | 3 |  3.1
Shields        | 3 |  3.0
Fighting       | |  3.7
Axes           | |  1.7

Action                     |  1- 3 |  4- 6 || total
---------------------------+-------+-------++-------
  Melee: War axe           |    77 |    12 ||    89
         Kick              |     8 |     2 ||    10
    Use: Potion            |       |     4 ||     4
 Armour: Scale mail        |    46 |     7 ||    53
         Skin              |       |     2 ||     2
  Dodge: Dodged            |    38 |    11 ||    49
  Block: Buckler           |    16 |       ||    16
